 Dungeon Sprint DCSS version 0.20-a0-947-g2784f4f (webtiles) character file.

114 Kidiri the Magician (level 4, -1/27 HPs)
             Began as a Deep Elf Fire Elementalist on Apr 3, 2017.
             Killed from afar by a wizard (28 damage)
             ... with a crystal spear
             ... in the Dungeon (Sprint III: "The Ten Rune Challenge").
             The game lasted 00:02:45 (549 turns).

Kidiri the Magician (Deep Elf Fire Elementalist)     Turns: 549, Time: 00:02:49

Health: -1/27      AC:  3    Str:  5    XL:     4   Next: 67%
Magic:  15/15      EV: 15    Int: 21    God:
Gold:   19         SH:  0    Dex: 15    Spells: 4/17 levels left

rFire    . . .     SeeInvis .   (no weapon)
rCold    . . .     Gourm    .   (no shield)
rNeg     . . .     Faith    .   a - +0 robe
rPois    .         Spirit   .   (no helmet)
rElec    .         Reflect  .   d - +0 cloak
rCorr    .         Harm     .   (no gloves)
MR       .....     NoTele   +   (no boots)
Stlth    ++........             (no amulet)
Regen    0.1/turn               (no ring)
MPRegen  0.2/turn               (no ring)

@: no status effects
A: talons 1, blink
a: Blink


You were in the Dungeon.
You were not hungry.

You visited 1 branch You collected 19 gold pieces.

Inventory:

Armour
 a - a +0 robe (worn)
 d - a +0 cloak (worn)
Scrolls
 i - 2 scrolls of blinking
 j - a scroll of identify
 m - 2 scrolls of immolation
 p - a scroll of remove curse
Potions
 e - 2 potions of heal wounds
 f - a potion of haste
 g - a potion of magic
 h - a potion of berserk rage
 o - 3 potions of flight
 r - a potion of resistance
Books
 b - a book of Flames

   Spells                             Type                      Level
   a - Flame Tongue                   Conjuration/Fire             1
   b - Throw Flame                    Conjuration/Fire             2
   c - Conjure Flame                  Conjuration/Fire             3
   d - Inner Flame                    Hexes/Fire                   3
   e - Sticky Flame                   Conjuration/Fire             4
   f - Fireball                       Conjuration/Fire             5
Comestibles
 c - a bread ration
 k - 3 chunks of flesh
 n - 2 fruits
 q - a royal jelly


   Skills:
 + Level 2.8 Fighting
 + Level 2.6 Armour
 + Level 4.7 Dodging
 - Level 2.4 Stealth
 * Level 7.0 Spellcasting
 + Level 3.9 Conjurations
 + Level 4.9 Fire Magic


You had 4 spell levels left.
You knew the following spells:

 Your Spells              Type           Power        Failure   Level  Hunger
a - Flame Tongue          Conj/Fire      ####.        1%          1    None
b - Throw Flame           Conj/Fire      ####..       1%          2    None
c - Conjure Flame         Conj/Fire      ####....     4%          3    #......
d - Inner Flame           Hex/Fire       ###.....     12%         3    #......
e - Sticky Flame          Conj/Fire      ####....     17%         4    ###....


Dungeon Overview and Level Annotations

Branches:
Dungeon (1/1)

Altars:
Kikubaaqudgha
Sif Muna
Vehumet


Innate Abilities, Weirdness & Mutations

You have sharp toenails.
You can translocate small distances at will.


Message History

Unknown command.
You start resting.
Magic restored.
Unknown command.
There is an open door to the Ecumenical Temple here.
There is a fountain of clear blue water here.
There is a fountain of clear blue water here.
You open the door.
Found a radiant altar of Vehumet.
A kobold demonologist and a wizard come into view.
Found a leatherbound book and a metal-bound book.
Found a deep blue altar of Sif Muna and an ancient bone altar of Kikubaaqudgha.
There is an open door here.
The helpless wizard fails to defend itself.
You hit the wizard but do no damage.
The kobold demonologist shouts!
The wizard casts a spell at you. The crystal spear hits you!
Ouch! That really hurt!
You die...

.#......#####..#
##.......#..#..#
.##.##...#..#..###+#+###+
.##.###..##+#..#.........
####.##..###...'.⌠.......
##..##..####...#...######
....##..###....#.⌠.#
#..##...##.....#...#
..##....#.)....#@###
.###..##.#.....#.pK# .#
#..#####....#___# ▓▓ ▓▓▓▓
▓▓▓▓▓▓▓▓▓▓


You could see a wizard and a kobold demonologist.

Vanquished Creatures
  A water elemental (D)
  Crazy Yiuf (D)
  A human (D)
  2 oozes (D)
  2 rats (D)
7 creatures vanquished.

Vanquished Creatures (others)
  2 draconian scorchers (D)
  6 hellions (D)
  A yaktaur (D)
9 creatures vanquished.

Grand Total: 16 creatures vanquished

Notes
Turn   | Place    | Note
-------+----------+-------------------------------------------
     0 | D        | Kidiri the Deep Elf Fire Elementalist began the quest for the Orb.
     0 | D        | Reached XP level 1. HP: 10/10 MP: 6/6
    15 | D        | Reached skill level 1 in Fighting
    15 | D        | Reached skill level 1 in Armour
    15 | D        | Reached skill level 4 in Spellcasting
    15 | D        | Reached XP level 2. HP: 10/16 MP: 0/9
    19 | D        | Learned a level 2 spell: Throw Flame
    73 | D        | Killed a yaktaur
    91 | D        | Killed a hellion
    92 | D        | Killed a hellion
   104 | D        | Killed a hellion
   104 | D        | Killed a hellion
   104 | D        | Killed a hellion
   130 | D        | Killed a hellion
   170 | D        | Reached XP level 3. HP: 8/21 MP: 4/11
   173 | D        | Killed a white draconian scorcher
   175 | D        | Learned a level 3 spell: Conjure Flame
   179 | D        | Learned a level 3 spell: Inner Flame
   184 | D        | Killed a white draconian scorcher
   352 | D        | Noticed Crazy Yiuf
   356 | D        | Killed Crazy Yiuf
   356 | D        | Reached skill level 5 in Spellcasting
   385 | D        | Gained mutation: You are clumsy. (Dex -2) [potion of mutation]
   385 | D        | Gained mutation: You can translocate small distances at will. [potion of mutation]
   386 | D        | Lost mutation: You are clumsy. (Dex -2) [potion of mutation]
   386 | D        | Lost mutation: You can translocate small distances at will. [potion of mutation]
   386 | D        | Gained mutation: You have sharp toenails. [potion of mutation]
   386 | D        | Gained mutation: You can translocate small distances at will. [potion of mutation]
   497 | D        | Noticed a water elemental
   499 | D        | Killed a water elemental
   499 | D        | Reached skill level 7 in Spellcasting
   499 | D        | Reached XP level 4. HP: 27/27 MP: 9/15
   505 | D        | Learned a level 4 spell: Sticky Flame
   547 | D        | Found a radiant altar of Vehumet.
   548 | D        | Found a deep blue altar of Sif Muna.
   548 | D        | Found an ancient bone altar of Kikubaaqudgha.
   548 | D        | Noticed a wizard
   549 | D        | Killed from afar by a wizard

Vault maps used:
D:        dungeon_sprint_mu

Skill      XL: |  1  2  3 |
---------------+----------+-----
Fighting       | 1 2 |  2.8
Armour         | 1 2 |  2.6
Dodging        | 3 4 |  4.7
Spellcasting   | 4 7 |  7.0
Conjurations   | 2 3 |  3.9
Fire Magic     | 4 |  4.9
Stealth        | |  2.4

Action                   |  1- 3 |  4- 6 || total
-------------------------+-------+-------++-------
Melee: Unarmed           |       |     1 ||     1
 Cast: Flame Tongue      |    27 |       ||    27
       Throw Flame       |     1 |       ||     1
       Conjure Flame     |     1 |       ||     1
  Use: Potion            |     4 |       ||     4
       Scroll            |     3 |       ||     3
 Stab: Sleeping          |       |     1 ||     1
Armor: Robe              |     1 |       ||     1
Dodge: Dodged            |    12 |       ||    12
